 Dungeon Crawl Stone Soup version 0.29-a0-824-gd827844252 (webtiles) character file.

Game seed: 16082913249822983874

126 Riddle the Shield-Bearer (level 5, -4/47 HPs)
             Began as a Gnoll Fighter on July 10, 2022.
             Slain by a water moccasin (8 damage)
             ... on level 3 of the Dungeon.
             The game lasted 00:03:16 (2411 turns).

Riddle the Shield-Bearer (Gnoll Fighter)            Turns: 2411, Time: 00:03:16

Health: -4/47      AC:  9    Str: 18    XL:     5   Next: 9%
Magic:  7/7        EV:  9    Int:  7    God:
Gold:   208        SH:  5    Dex: 11    Spells: 6/6 levels left

rFire   . . .      SeeInvis .   l - +0 falchion (freeze)
rCold   . . .      Faith    .   c - +0 buckler
rNeg    . . .      Spirit   .   b - +0 scale mail
rPois   .          Reflect  .   (no helmet)
rElec   .          Harm     .   (no cloak)
rCorr   .          Rampage  .   k - +0 pair of gloves
Will    .....                   (no boots)
Stlth   ..........              (no amulet)
HPRegen 0.15/turn               q - +4 ring of slaying
MPRegen 0.10/turn               (no ring)

@: brilliant, lethally poisoned (-4 -> -8)
A: fangs 1, strong nose, distributed training, talons 1, screaming 1
a: no special abilities


You were on level 3 of the Dungeon.
You visited 1 branch of the dungeon, and saw 3 of its levels.

You collected 208 gold pieces.

Inventory:

Hand Weapons
 a - a +0 war axe
 l - a +0 falchion of freezing (weapon)
Armour
 b - a +0 scale mail (worn)
 c - a +0 buckler (worn)
 k - a +0 pair of gloves (worn)
 r - an orb of mayhem
Jewellery
 q - a +4 ring of slaying (left hand)
Scrolls
 f - 3 scrolls of magic mapping {unknown}
 g - 2 scrolls of identify {unknown}
 i - a scroll of brand weapon {unknown}
 j - 2 scrolls of enchant weapon {unknown}
 m - a scroll of blinking {unknown}
 p - a scroll of vulnerability {unknown}
 s - a scroll of noise {unknown}
Potions
 d - a potion of might
 e - a potion of brilliance
 n - a potion of ambrosia {unknown}
 o - a potion of flight {unknown}
 t - a potion of magic {unknown}


   Skills:
 + Level 6.7 Fighting
 + Level 1.4 Short Blades
 + Level 1.4 Long Blades
 + Level 4.7 Axes
 + Level 1.4 Maces & Flails
 + Level 1.4 Polearms
 + Level 1.4 Staves
 + Level 1.4 Ranged Weapons
 + Level 1.4 Throwing
 + Level 6.7 Armour
 + Level 1.4 Dodging
 + Level 1.4 Stealth
 + Level 6.7 Shields
 + Level 1.4 Unarmed Combat
 + Level 1.4 Spellcasting
 + Level 1.1 Conjurations
 + Level 1.1 Hexes
 + Level 1.1 Summonings
 + Level 1.1 Necromancy
 + Level 1.1 Translocations
 + Level 1.1 Transmutations
 + Level 1.1 Fire Magic
 + Level 1.1 Ice Magic
 + Level 1.1 Air Magic
 + Level 1.1 Earth Magic
 + Level 1.1 Poison Magic
 + Level 1.6 Invocations
 + Level 1.4 Evocations


You had 6 spell levels left.
You didn't know any spells.
Your spell library contained the following spells:

 Spells                   Type           Power      Damage    Failure   Level
 Magic Dart               Conj           12%        1d3       65%         1
 Call Imp                 Summ           3%         N/A       80%         2
 Sublimation of Blood     Necr           3%         N/A       80%         2
 Wereblood                Tmut           3%         N/A       80%         2
 Mephitic Cloud           Conj/Pois/Air  3%         N/A       95%         3
 Summon Hydra             Summ           1%         N/A       100%        7


Dungeon Overview and Level Annotations

Branches:
Dungeon (3/15)

Altars:


Innate Abilities, Weirdness & Mutations

You have very sharp teeth.
Your uncanny sense of smell can sniff out nearby items.
Your experience applies equally to all skills.
You have sharp toenails.
You occasionally shout uncontrollably at your foes.


Message History

You feel very sick. You block the water moccasin's attack.
The water moccasin bites you but does no damage.
You barely miss the water moccasin.
The water moccasin is moderately wounded.
You feel sick. The water moccasin bites you.
You are more poisoned.
The water moccasin poisons you!
You closely miss the water moccasin. Your bite misses the water moccasin.
The water moccasin is moderately wounded.
You feel very sick. The water moccasin misses you.
You block the water moccasin's attack.
You miss the water moccasin.
The water moccasin is moderately wounded.
* * * LOW HITPOINT WARNING * * *
You feel very sick. The water moccasin closely misses you.
The water moccasin bites you but does no damage.
You hit the water moccasin.
The water moccasin seems to slow down.
You freeze the water moccasin.
The water moccasin is heavily wounded.
* * * LOW HITPOINT WARNING * * *
You feel very sick.
The water moccasin bites you but does no damage.
You hit the water moccasin.
The water moccasin seems to slow down.
You freeze the water moccasin.
The water moccasin is heavily wounded.
* * * LOW HITPOINT WARNING * * *
You feel sick. The water moccasin bites you.
* * * LOW HITPOINT WARNING * * *
It was a potion of brilliance.
You feel clever all of a sudden.
* * * LOW HITPOINT WARNING * * *
You feel sick.
The water moccasin bites you but does no damage.
It was a potion of mutation.
You feel extremely strange.
You feel the urge to shout.
Your toenails lengthen and sharpen.
* * * LOW HITPOINT WARNING * * *
You feel sick. The water moccasin bites you!
You die...

..... ##.###
∆....###..#
#..#..## ....
#.....#
....#########.#.##
#.....#...###.#..#
...........##.##.#
............#.##S#
..............##@#
............####.#
...........## #.#
..#.......## #.#
..###...### #.#
...#....# #.#
........# #.#
##......# #.#
####....########


You could see a water moccasin (slow).

Vanquished Creatures
  An orc priest (D:3)
  4 adders
  3 dart slugs
  5 orcs (D:3)
  6 endoplasms
  A giant cockroach (D:3)
  3 goblins
  4 hobgoblins
  4 quokkas
  7 ball pythons
  4 frilled lizards
  3 kobolds
  3 rats
48 creatures vanquished.

Vanquished Creatures (collateral kills)
  A kobold (D:3)
1 creature vanquished.

Grand Total: 49 creatures vanquished

Notes
Turn   | Place    | Note
-------+----------+-------------------------------------------
     0 | D:1      | Riddle the Gnoll Fighter began the quest for the Orb.
     0 | D:1      | Reached XP level 1. HP: 23/23 MP: 1/1
   225 | D:1      | Reached XP level 2. HP: 26/29 MP: 2/2
   893 | D:2      | Reached XP level 3. HP: 31/35 MP: 2/4
   944 | D:2      | Reached skill level 1 in Invocations
  1001 | D:2      | Reached skill level 1 in Short Blades
  1001 | D:2      | Reached skill level 1 in Long Blades
  1001 | D:2      | Reached skill level 1 in Maces & Flails
  1001 | D:2      | Reached skill level 1 in Polearms
  1001 | D:2      | Reached skill level 1 in Staves
  1001 | D:2      | Reached skill level 1 in Ranged Weapons
  1001 | D:2      | Reached skill level 1 in Throwing
  1001 | D:2      | Reached skill level 1 in Dodging
  1001 | D:2      | Reached skill level 1 in Stealth
  1001 | D:2      | Reached skill level 1 in Unarmed Combat
  1001 | D:2      | Reached skill level 1 in Spellcasting
  1001 | D:2      | Reached skill level 1 in Evocations
  1169 | D:2      | Identified the +3 chain mail of Summertime {rF+ Will-
                  | Regen+ rCorr}
  1284 | D:2      | Found a faded altar of an unknown god.
  1363 | D:2      | Reached XP level 4. HP: 39/41 MP: 5/5
  2166 | D:3      | Reached skill level 1 in Conjurations
  2166 | D:3      | Reached skill level 1 in Hexes
  2166 | D:3      | Reached skill level 1 in Summonings
  2166 | D:3      | Reached skill level 1 in Necromancy
  2166 | D:3      | Reached skill level 1 in Translocations
  2166 | D:3      | Reached skill level 1 in Transmutations
  2166 | D:3      | Reached skill level 1 in Fire Magic
  2166 | D:3      | Reached skill level 1 in Ice Magic
  2166 | D:3      | Reached skill level 1 in Air Magic
  2166 | D:3      | Reached skill level 1 in Earth Magic
  2166 | D:3      | Reached skill level 1 in Poison Magic
  2244 | D:3      | Reached XP level 5. HP: 42/47 MP: 5/7
  2380 | D:3      | Noticed a water moccasin
  2411 | D:3      | Gained mutation: You occasionally shout uncontrollably at
                  | your foes. [potion of mutation]
  2411 | D:3      | Gained mutation: You have sharp toenails. [potion of
                  | mutation]
  2411 | D:3      | Slain by a water moccasin

Illustrated notes

Levels and vault maps discovered:
D:1:      lightli_arrival_noodles, layout_basic, minmay_close_crescents
D:2:      layout_loops_ring, shapermc_ecumenical_altar_totnotflames
D:3:      layout_rooms, mainiacjoe_overflow_small_starburst,
          mainiacjoe_overflow_alcove_4, hex_intersection,
          minmay_tree_intersection

Skill      XL: |  1  2  3  4 |
---------------+-------------+-----
Invocations    | 1 |  1.6
Short Blades   | 1 |  1.4
Long Blades    | 1 |  1.4
Maces & Flails | 1 |  1.4
Polearms       | 1 |  1.4
Staves         | 1 |  1.4
Ranged Weapons | 1 |  1.4
Throwing       | 1 |  1.4
Dodging        | 1 |  1.4
Stealth        | 1 |  1.4
Unarmed Combat | 1 |  1.4
Spellcasting   | 1 |  1.4
Evocations     | 1 |  1.4
Conjurations   | 1 |  1.1
Hexes          | 1 |  1.1
Summonings     | 1 |  1.1
Necromancy     | 1 |  1.1
Translocations | 1 |  1.1
Transmutations | 1 |  1.1
Fire Magic     | 1 |  1.1
Ice Magic      | 1 |  1.1
Air Magic      | 1 |  1.1
Earth Magic    | 1 |  1.1
Poison Magic   | 1 |  1.1
Fighting       | |  6.7
Axes           | |  4.7
Armour         | |  6.7
Shields        | |  6.7

Action                   |  1- 3 |  4- 6 || total
-------------------------+-------+-------++-------
Melee: War axe           |    30 |       ||    30
       Bite              |    11 |     4 ||    15
       Falchion          |    53 |    62 ||   115
  Use: Potion            |       |     2 ||     2
Armor: Scale mail        |    32 |    34 ||    66
Dodge: Dodged            |    40 |    22 ||    62
Block: Buckler           |    14 |    15 ||    29

Table legend: (Time is in decaauts)
 A = Elapsed time spent in this place.
 B = Non-inter-level travel time spent in this place.
 C = Inter-level travel time spent in this place.
 D = Time resting spent in this place.
 E = Time spent auto-exploring this place.
 F = Levels seen in this place.
 G = Mean time per level.
                   A        B        C        D        E       F      G
               +--------+--------+--------+--------+--------+-----+--------+
         Total |   2451 |   2217 |    234 |    269 |   1540 |   3 |  817.0 |
       Dungeon |   2451 |   2217 |    234 |    269 |   1540 |   3 |  817.0 |
               +--------+--------+--------+--------+--------+-----+--------+

Top non-repeatable levels by time:
     D:2: 1264 daAuts
     D:1: 846 daAuts
     D:3: 341 daAuts
